 Dungeon Crawl Stone Soup version 0.22.1-2-g9c5b331383 (webtiles) character file.

38589 Jerry the Fencer (level 13, 0/123 HPs)
             Began as a Minotaur Fighter on Jan 5, 2019.
             Was a High Priest of Qazlal.
             Succumbed to a water moccasin's poison
             ... on level 6 of the Lair of Beasts.
             The game lasted 00:50:19 (18598 turns).

Jerry the Fencer (Minotaur Fighter)                Turns: 18598, Time: 00:50:20

Health: 0/123      AC: 18    Str: 22    XL:     13   Next: 64%
Magic:  16/16      EV: 18    Int:  6    God:    Qazlal [*****.]
Gold:   791        SH: 11    Dex: 13    Spells: 12/12 levels left

rFire    . . .     SeeInvis .   L - +4 long sword
rCold    . . .     Gourm    .   K - +0 buckler
rNeg     + . .     Faith    .   b - +0 scale mail
rPois    .         Spirit   .   (helmet restricted)
rElec    .         Reflect  .   z - +0 cloak
rCorr    .         Harm     .   V - +0 pair of gloves
MR       .....                  g - +1 pair of boots
Stlth    ..........             E - amulet of the acrobat
HPRegen  0.30/turn              k - ring of positive energy
MPRegen  0.15/turn              C - +4 ring of evasion

@: lethally poisoned (0 -> -6), protected from physical damage, very slightly
contaminated, repel missiles
A: retaliatory headbutt, horns 2
a: Upheaval, Elemental Force, Disaster Area, Renounce Religion


You were on level 6 of the Lair of Beasts.
You worshipped Qazlal.
Qazlal was extremely pleased with you.
You were hungry.

You visited 3 branches of the dungeon, and saw 17 of its levels.
You also visited: Sewer.

You collected 1040 gold pieces.
You spent 249 gold pieces at shops.

Inventory:

Hand Weapons
 J - the +11 short sword "Saruil" {antimagic, +Blink rC++ Dex-2}
   (You found it on level 6 of the Dungeon)

   It reduces the magical energy of the wielder, and disrupts the spells and
   magical abilities of those hit.
   Natural abilities and divine invocations are not affected.
   It affects your dexterity (-2).
   It greatly protects you from cold.
   It lets you blink.
 L - a +4 long sword (weapon)
 X - a +1 scimitar of flaming
Armour
 b - a +0 scale mail (worn)
 g - a +1 pair of boots (worn)
 z - a +0 cloak (worn)
 K - a +0 buckler (worn)
 V - a +0 pair of gloves (worn)
Jewellery
 i - an uncursed ring of wizardry
 k - a ring of positive energy (left hand)
 m - an uncursed ring of fire
 x - an uncursed ring of protection from magic
 C - a +4 ring of evasion (right hand)
 E - an amulet of the acrobat (around neck)
 F - an uncursed ring of flight
 U - an uncursed ring of resist corrosion
Wands
 a - a wand of digging (29)
 d - a wand of disintegration (29)
 s - a wand of scattershot (7)
 w - a wand of enslavement (23)
 y - a wand of flame (60)
 G - a wand of iceblast (36)
 M - a wand of acid (30)
Scrolls
 j - 13 scrolls of teleportation
 o - 3 scrolls of magic mapping
 r - 6 scrolls of remove curse
 t - 4 scrolls of immolation
 N - a scroll of enchant armour
 O - 3 scrolls of amnesia
 P - 3 scrolls of identify
 Q - 2 scrolls of fear
 R - 2 scrolls of enchant weapon
Potions
 c - 3 potions of berserk rage {unknown}
 e - a potion of resistance
 h - a potion of invisibility {unknown}
 l - 3 potions of cancellation {unknown}
 n - 4 potions of lignification {unknown}
 p - a potion of magic {unknown}
 q - 2 potions of agility {unknown}
 u - a potion of brilliance {unknown}
 v - 3 potions of heal wounds {unknown}
 B - 4 potions of flight {unknown}
 D - 6 potions of curing
 H - 2 potions of ambrosia {unknown}
 W - a potion of degeneration {unknown}
Comestibles
 f - 32 rations
 I - 8 chunks of flesh


   Skills:
 + Level 13.7 Fighting
 + Level 16.8 Long Blades
 + Level 13.7 Armour
 + Level 7.0 Dodging
 - Level 4.0 Shields
 + Level 6.3 Invocations


You had 12 spell levels left.
You didn't know any spells.
Your spell library contained the following spells:

 Spells                   Type           Power        Failure   Level  Hunger
 Sting                    Conj/Pois      #...         71%         1    ##.....
 Poisonous Vapours        Pois/Air       #.....       83%         2    ###....
 Mephitic Cloud           Conj/Pois/Air  #.......     97%         3    ####...
 Olgreb's Toxic Radiance  Pois           #.......     100%        4    #####..
 Venom Bolt               Conj/Pois      #.........   100%        5    ######.


Dungeon Overview and Level Annotations

Branches:
Dungeon (10/15)            Temple (1/1) D:7            Lair (6/6) D:8
 Shoals (0/4) Lair:3       Spider (0/4) Lair:4          Orc (0/2) D:10
  Slime: Lair:5-6

Altars:
Ashenzari
Cheibriados
Dithmenos
Elyvilon
Fedhas
Gozag
Hepliaklqana
Kikubaaqudgha
Makhleb
Nemelex Xobeh
Okawaru
Qazlal
Ru
Sif Muna
Trog
Uskayaw
Vehumet
Wu Jian
Xom
Yredelemnul
Zin
The Shining One

Shops:
D:7 (   D:8 *

Annotations:
Lair:2 exclusion: 4 oklob plants


Innate Abilities, Weirdness & Mutations

You reflexively headbutt those who attack you in melee.
You have a pair of horns on your head.


Message History

The seven-headed hydra completely misses you.
The seven-headed hydra bites you but does no damage. x5
The seven-headed hydra completely misses you.
The basilisk bites you.
* * * LOW HITPOINT WARNING * * *
You feel more protected from physical attacks.
The elephant tramples you but does no damage.
The elephant trunk-slaps you but does no damage.
The water moccasin is engulfed in freezing vapours.
The water moccasin seems to slow down.
The water moccasin bites you but does no damage.
The elephant tramples you.
You hold your ground!
The elephant trunk-slaps you but does no damage.
You turn to flesh and can move again.
Blink to where?
Press: ? - help, Dir - move target cursor You are very lightly contaminated with residual magic.
As you read the scroll of blinking, it crumbles to dust.
A hippogriff comes into view.
You die...

.. ...... .. .....
.. ..#. .# P..## .
.##PP.P#..
....(..# #......#H
#@...........+
##...###.....#
#...###.....##.
....#......#.#
##...##.......##+
##..#....§.(.....[
..#...#Pl....?....
......D§S§........
.......YY§........


You could see a seven-headed hydra, a hippogriff (wandering), a basilisk and a
water moccasin.

Vanquished Creatures
  Gastronok (Lair:1)
  2 entropy weavers (Lair:3)
  Snorg (D:10)
  5 hydras
  Erica (Lair:1)
  2 two-headed ogres (D:9)
  An ogre mage (D:9)
  A queen ant (Lair:3)
  An orange crystal statue (D:8)
  Joseph (D:8)
  9 elephants
  3 black mambas
  Psyche (D:8)
  4 spiny frogs
  A torpor snail (Lair:5)
  7 komodo dragons
  A troll (D:9)
  2 hornets
  Grinder (D:3)
  4 blink frogs (Lair:1)
  Prince Ribbit (D:5)
  5 hippogriffs
  22 yaks
  3 wyverns
  3 basilisks
  A steam dragon (D:10)
  2 hungry ghosts
  2 wargs (D:8)
  Edmund (D:5)
  Menkaure (D:5)
  18 soldier ants
  An insubstantial wisp (Lair:5)
  3 vampire mosquitoes (Lair:5)
  14 two-headed ogre zombies (D:9)
  7 water moccasins
  Duvessa (D:5)
  2 orc warriors
  7 porcupines
  3 ice beasts
  2 sky beasts
  4 black bears
  3 phantoms
  6 wolves (Lair:3)
  8 ogres
  4 centaurs
  9 crocodiles
  2 big kobolds
  8 bullfrogs
  Dowan (D:5)
  5 scorpions
  A wyvern skeleton (D:9)
  3 wights (D:7)
  A crimson imp (D:10)
  3 centaur zombies
  A quasit (D:8)
  A bullfrog skeleton (D:10)
  7 hounds
  2 bullfrog zombies
  4 jellies
  3 orc priests
  6 orc wizards
  Crazy Yiuf (D:3)
  2 iguanas
  21 worker ants
  2 killer bee zombies
  An ogre zombie (D:9)
  A hound zombie (D:9)
  3 hound skeletons
  Robin (D:3)
  A worker ant zombie (D:8)
  10 adders
  A shadow imp (D:4)
  An adder skeleton (D:8)
  6 worms
  2 dart slugs
  7 leopard geckos
  28 orcs
  8 giant cockroaches
  17 goblins
  5 hobgoblins
  20 jackals
  14 kobolds
  5 quokkas
  3 ball pythons
  17 bats
  7 frilled lizards
  A jackal zombie (D:5)
  2 leopard gecko skeletons
  A leopard gecko zombie (D:6)
  A quokka zombie (D:9)
  11 rats
430 creatures vanquished.

Vanquished Creatures (others)
  A hippogriff (Lair:6)
  A fungus (Lair:6)
  5 plants
7 creatures vanquished.

Grand Total: 437 creatures vanquished

Notes
Turn   | Place    | Note
-------+----------+-------------------------------------------
     0 | D:1      | Jerry the Minotaur Fighter began the quest for the Orb.
     0 | D:1      | Reached XP level 1. HP: 19/19 MP: 0/0
   232 | D:1      | Reached skill level 3 in Long Blades
   232 | D:1      | Reached XP level 2. HP: 27/27 MP: 1/1
   471 | D:1      | Reached XP level 3. HP: 30/33 MP: 2/2
  1449 | D:3      | Found a shadowy altar of Dithmenos.
  1498 | D:3      | Reached skill level 4 in Long Blades
  1563 | D:3      | Found a runed door.
  1630 | D:3      | Found a hazy altar of Hepliaklqana.
  1631 | D:3      | Noticed Robin
  1664 | D:2      | Reached XP level 4. HP: 31/40 MP: 3/3
  1762 | D:3      | Killed Robin
  1796 | D:3      | Noticed Grinder
  1801 | D:3      | Paralysed by Grinder for 3 turns
  1804 | D:3      | Killed Grinder
  1804 | D:3      | Reached skill level 5 in Fighting
  1804 | D:3      | Reached skill level 5 in Long Blades
  1804 | D:3      | Reached skill level 5 in Armour
  1804 | D:3      | Reached XP level 5. HP: 14/48 MP: 4/4
  1804 | D:3      | Reached XP level 6. HP: 17/56 MP: 5/5
  2537 | D:3      | Noticed Crazy Yiuf
  2543 | D:3      | Killed Crazy Yiuf
  2610 | D:4      | Reached skill level 6 in Long Blades
  2637 | D:4      | Found a glowing drain.
  2667 | Sewer    | Entered a sewer
  3117 | D:4      | Reached XP level 7. HP: 61/61 MP: 6/6
  3214 | D:4      | Reached skill level 7 in Long Blades
  3389 | D:4      | Found a bloodstained altar of Trog.
  3886 | D:5      | Entered Level 5 of the Dungeon
  3912 | D:5      | Found a radiant altar of Vehumet.
  3953 | D:5      | Reached skill level 8 in Long Blades
  4181 | D:5      | Reached XP level 8. HP: 51/71 MP: 7/7
  4282 | D:5      | Noticed Prince Ribbit
  4301 | D:5      | Killed Prince Ribbit
  4657 | D:5      | Noticed Duvessa
  4658 | D:5      | Noticed Dowan
  4675 | D:5      | Killed Duvessa
  4675 | D:5      | Reached skill level 9 in Long Blades
  4675 | D:5      | Killed Dowan
  5112 | D:5      | Noticed Edmund
  5123 | D:5      | Killed Edmund
  5292 | D:5      | Noticed Menkaure
  5301 | D:5      | Killed Menkaure
  5393 | D:6      | Found a hide-covered altar of Uskayaw.
  5395 | D:6      | Reached skill level 10 in Long Blades
  5704 | D:6      | Reached XP level 9. HP: 70/81 MP: 8/8
  5819 | D:6      | Got a dazzling short sword
  5820 | D:6      | Identified the +11 short sword "Saruil" {antimagic, +Blink
                  | rC++ Dex-2} (You found it on level 6 of the Dungeon)
  6262 | D:7      | Found Loisuso's Antique Weapon Emporium.
  6265 | D:7      | Bought a jewelled scimitar for 180 gold pieces
  6394 | D:7      | Found a staircase to the Ecumenical Temple.
  6409 | Temple   | Entered the Ecumenical Temple
  6572 | Temple   | Became a worshipper of Qazlal Stormbringer
  6904 | D:7      | Reached skill level 11 in Long Blades
  7040 | D:7      | Found a sparkling altar of Nemelex Xobeh.
  7149 | D:7      | Identified the cursed +1 scimitar "Lifebane" {slice, +Inv
                  | Stlth+} (You bought it in a shop on level 7 of the Dungeon)
  7265 | D:8      | Found a staircase to the Lair.
  7265 | D:8      | Noticed Joseph
  7731 | D:8      | Killed Joseph
  7918 | D:8      | Reached * piety under Qazlal
  7933 | D:8      | Reached skill level 12 in Long Blades
  7943 | D:8      | Reached XP level 10. HP: 79/91 MP: 9/9
  7952 | D:8      | Found Jacoj's Assorted Antiques.
  7982 | D:8      | Bought a sedimented emerald potion for 22 gold pieces
  7982 | D:8      | Bought a scroll labeled ETIHIMOSCHY for 25 gold pieces
  7982 | D:8      | Bought a glowing sapphire potion for 22 gold pieces
  7996 | D:8      | Found an ancient bone altar of Kikubaaqudgha.
  7996 | D:8      | Found an ornate altar of the Wu Jian Council.
  8096 | D:8      | Found an opulent altar of Gozag.
  8392 | D:8      | Noticed Psyche
  8402 | D:8      | Killed Psyche
  8447 | D:8      | Noticed an orange crystal statue
  8516 | D:8      | Killed an orange crystal statue
  8628 | D:9      | Reached skill level 10 in Armour
  8630 | D:9      | Reached skill level 10 in Fighting
  8643 | D:9      | Reached ** piety under Qazlal
  8643 | D:9      | Reached skill level 13 in Long Blades
  8685 | D:9      | Noticed a two-headed ogre
  8694 | D:9      | Killed a two-headed ogre
  8792 | D:9      | Noticed a two-headed ogre
  8802 | D:9      | Killed a two-headed ogre
  8805 | D:9      | Reached XP level 11. HP: 85/101 MP: 10/10
  8822 | D:9      | Reached skill level 14 in Long Blades
  9338 | D:9      | Reached *** piety under Qazlal
  9526 | D:9      | Noticed an ogre mage
  9550 | D:9      | Killed an ogre mage
 10040 | D:9      | Got a crude dagger
 10080 | D:9      | Found a snail-covered altar of Cheibriados.
 10081 | D:9      | Found a basalt altar of Yredelemnul.
 10177 | D:9      | Identified the cursed +3 dagger of Gozag's Supremacy
                  | {venom, rF+ Int+5 Dex-5} (You found it on level 9 of the
                  | Dungeon)
 10204 | D:10     | Entered Level 10 of the Dungeon
 10218 | D:10     | Noticed Snorg
 10230 | D:10     | Killed Snorg
 10230 | D:10     | Reached skill level 15 in Long Blades
 10784 | D:10     | Found a staircase to the Orcish Mines.
 11514 | Lair:1   | Entered Level 1 of the Lair of Beasts
 11517 | Lair:1   | Noticed a seven-headed hydra
 11523 | Lair:1   | Killed a seven-headed hydra
 11523 | Lair:1   | Reached skill level 1 in Dodging
 11754 | Lair:1   | Noticed Gastronok
 11790 | Lair:1   | Killed Gastronok
 11790 | Lair:1   | Reached skill level 1 in Invocations
 11790 | Lair:1   | Reached XP level 12. HP: 37/112 MP: 10/12
 12603 | Lair:1   | Noticed Erica
 12618 | Lair:1   | Killed Erica
 12731 | Lair:1   | Found an opulent altar of Gozag.
 13542 | Lair:2   | Reached **** piety under Qazlal
 13617 | Lair:2   | Reached skill level 16 in Long Blades
 14153 | Lair:3   | Found a staircase to the Shoals.
 14545 | Lair:3   | Noticed a four-headed hydra
 14555 | Lair:3   | Killed a one-headed hydra
 14584 | Lair:3   | Noticed an eight-headed hydra
 14591 | Lair:3   | Killed a six-headed hydra
 15094 | Lair:4   | Noticed an entropy weaver
 15099 | Lair:4   | Noticed an entropy weaver
 15100 | Lair:4   | Reached skill level 5 in Dodging
 15106 | Lair:4   | Noticed a queen ant
 15529 | Lair:3   | Killed a queen ant
 15989 | Lair:3   | Reached XP level 13. HP: 115/122 MP: 15/15
 16045 | Lair:3   | Killed an entropy weaver
 16045 | Lair:3   | Reached skill level 5 in Invocations
 16052 | Lair:3   | Killed an entropy weaver
 17081 | Lair:4   | Found a hole to the Spider Nest.
 17885 | Lair:5   | Reached ***** piety under Qazlal
 18357 | Lair:6   | Entered Level 6 of the Lair of Beasts
 18596 | Lair:6   | HP: 6/123 [seven-headed hydra (2)]
 18597 | Lair:6   | HP: 2/123 [water moccasin (2)]
 18598 | Lair:6   | Succumbed to a water moccasin's poison

Skill      XL: |  1  2  3  4  5  6  7  8  9 10 11 12 13 |
---------------+----------------------------------------+-----
Long Blades    | 3 4 5 6 8 10 12 13 15 16 | 16.8
Armour         | 4 5 6 7 9 10 12 13 | 13.7
Fighting       | 4 5 6 7 9 10 12 13 | 13.7
Shields        | 4 |  4.0
Dodging        | 2 5 7 |  7.0
Invocations    | 1 4 6 |  6.3

Action                   |  1- 3 |  4- 6 |  7- 9 | 10-12 | 13-15 || total
-------------------------+-------+-------+-------+-------+-------++-------
Melee: Long sword        |   114 |   110 |   318 |   692 |   199 ||  1433
       Headbutt          |    15 |    24 |    67 |   204 |    72 ||   382
       Short sword       |       |       |    17 |     5 |       ||    22
       Scimitar          |       |       |       |     6 |    19 ||    25
Invok: Elemental Force   |       |       |       |       |     1 ||     1
Evoke: Wand              |       |       |     1 |       |       ||     1
  Use: Potion            |       |     1 |     2 |     3 |     1 ||     7
       Scroll            |       |       |    15 |     8 |     1 ||    24
  Eat: Chunk             |     2 |     6 |     8 |    14 |     8 ||    38
       Ration            |       |       |     2 |     4 |       ||     6
Armor: Scale mail        |    84 |    52 |   141 |   183 |   134 ||   594
Dodge: Dodged            |    89 |    49 |   157 |   351 |   142 ||   788
Block: Buckler           |       |       |    23 |   190 |   114 ||   327
       Rpst.: Long sword |    17 |    13 |    36 |    88 |    23 ||   177
       Scimitar          |       |       |       |       |     3 ||     3
